 Dungeon Crawl Stone Soup version 0.30-a0-737-gf23d94013f (webtiles) character file.

Game seed: 14684898462767945303

764 jimonade the Covert (level 7, 0/35 HPs)
             Began as a Vine Stalker Brigand on Feb 1, 2023.
             Slain by a kobold brigand
             ... wielding a +0 short sword
              (2 damage)
             ... on level 5 of the Dungeon.
             The game lasted 00:07:33 (3277 turns).

jimonade the Covert (Vine Stalker Brigand)          Turns: 3277, Time: 00:07:34

Health: 0/35       AC:  4    Str: 13    XL:     7   Next: 81%
Magic:  0/8        EV: 11    Int: 11    God:
Gold:   275        SH:  4    Dex: 18    Spells: 6/6 levels left

rFire   . . .      SeeInvis .    a - +3 quick blade (venom)
rCold   . . .      Faith    .    l - +0 buckler
rNeg    . . .      Spirit   +    n - +0 leather armour
rPois   .          Reflect  .    J - +0 hat
rElec   .          Harm     .    L - +0 cloak
rCorr   .          Rampage  .    (no gloves)
Will    .....                    (no boots)
Stlth   ++++                     z - amulet of regeneration
HPRegen 1.85/turn                (no ring)
MPRegen 0.11/turn                (no ring)

@: about to teleport
A: fangs 2, regeneration 1, magic shield, antimagic bite, no potion heal 2
a: no special abilities


You were on level 5 of the Dungeon.
You visited 1 branch of the dungeon, and saw 5 of its levels.

You collected 275 gold pieces.

Inventory:

Hand Weapons
 a - a +3 quick blade of venom (weapon)
 b - a +1 dagger of electrocution
 c - a +0 sling
 f - a +2 dagger
Missiles
 d - 21 poisoned darts (quivered)
 e - 3 curare-tipped darts
 m - 2 atropa-tipped darts
 q - 2 throwing nets
 r - 4 javelins
 v - 2 boomerangs
Armour
 l - a +0 buckler (worn)
 n - a +0 leather armour (worn)
 B - a +0 ring mail
 J - a +0 hat (worn)
 L - a +0 cloak (worn)
 M - a +0 robe
Magical Staves
 j - a staff of conjuration
 H - a staff of fire
Jewellery
 u - an amulet of the acrobat
 z - an amulet of regeneration (around neck)
 D - a +6 ring of intelligence
Wands
 y - a wand of polymorph (12)
Scrolls
 i - a scroll of blinking
 p - a scroll of immolation {unknown}
 s - 3 scrolls of identify
 C - a scroll of vulnerability {unknown}
 F - 3 scrolls of teleportation
 I - a scroll of amnesia {unknown}
Potions
 g - 4 potions of flight
 h - 2 potions of haste {unknown}
 k - a potion of ambrosia {unknown}
 o - a potion of attraction {unknown}
 t - 2 potions of cancellation
 w - 2 potions of brilliance {unknown}
 x - 2 potions of might {unknown}
 A - a potion of lignification {unknown}
 E - a potion of magic {unknown}
 G - a potion of berserk rage {unknown}
 K - 2 potions of curing {unknown}
 N - a potion of mutation {unknown}


   Skills:
 + Level 2.7 Fighting
 * Level 5.1 Short Blades
 + Level 1.9 Throwing
 + Level 1.7 Armour
 + Level 1.9 Dodging
 + Level 8.0 Stealth
 + Level 0.5 Shields


You had 6 spell levels left.
You didn't know any spells.
Your spell library contained the following spells:

 Spells                   Type           Power      Damage    Failure   Level
 Apportation              Tloc           0%         N/A       52%         1
 Magic Dart               Conj           0%         1d3       52%         1
 Necrotise                Necr           0%         1d4       52%         1
 Summon Small Mammal      Summ           0%         N/A       52%         1
 Searing Ray              Conj           0%         2d4       67%         2
 Inner Flame              Hex/Fire       0%         N/A       88%         3
 Cause Fear               Hex            0%         N/A       99%         4
 Fulminant Prism          Conj/Hex       0%         3d5       99%         4
 Discord                  Hex            0%         N/A       100%        8


Dungeon Overview and Level Annotations

Branches:
Dungeon (5/15)
 Temple: D:4-7

Altars:
Trog


Innate Abilities, Weirdness & Mutations

You have extremely sharp teeth.
Your natural rate of healing is unusually fast.
When hurt, damage is shared between your health and your magic reserves.
Your bite disrupts and absorbs the magic of your enemies.
Potions cannot restore your health.


Message History

You completely miss the kobold brigand. The kobold brigand closely misses you.
You block the kobold brigand's attack.
The kobold brigand hits you with a +0 short sword.
You barely miss the kobold brigand. You bite the kobold brigand.
You drain its power.
You feel invigorated.
The kobold brigand is almost dead.
You kill the kobold brigand!
Your Short Blades skill increases to level 5!
Your Stealth skill increases to level 8!
You barely miss the kobold brigand. Your bite misses the kobold brigand.
The kobold brigand is lightly wounded.
You hit the kobold brigand.
The kobold brigand looks as sick as possible!
You bite the kobold brigand. You drain its power.
You feel invigorated.
The kobold brigand is heavily wounded.
The kobold brigand hits you with a +0 short sword.
The kobold brigand hits you with a +0 short sword!
* * * LOW HITPOINT WARNING * * *
You hit the kobold brigand.
The kobold brigand looks as sick as possible!
The kobold brigand is lightly wounded.
You block the kobold brigand's attack.
The kobold brigand hits you with a +0 short sword.
* * * LOW HITPOINT WARNING * * *
The kobold brigand barely misses you.
Okay, then.
As you read the scroll of teleportation, it crumbles to dust.
You feel strangely unstable. The kobold brigand closely misses you.
The kobold brigand hits you with a +0 short sword.
* * * LOW HITPOINT WARNING * * *
The kobold brigand barely misses you.
You hit the kobold brigand.
The kobold brigand is poisoned.
You bite the kobold brigand. You drain its power.
You feel invigorated.
The kobold brigand is lightly wounded.
You closely miss the kobold brigand. Your bite misses the kobold brigand.
The kobold brigand is lightly wounded.
The kobold brigand hits you with a +0 dagger.
* * * LOW HITPOINT WARNING * * *
The kobold brigand hits you with a +0 short sword.
You die...

##.####.###.##..........
#..# ##.##..##..........
#.####...####...........
#.'÷÷÷....÷÷'....>......
######...####)).........
##.###..#.......... #÷#
#..#.......... #.#
#..##......... #@#
#..###.....#.. #KKK##...
######### #.KK..##..
#..÷...÷#.. #.÷.....#..#
#.......# .### ##..)..##
.... ##...## #..## #..<


You could see 5 kobold brigands.

Vanquished Creatures
  An ogre (D:4)
  A phantom (D:4)
  A kobold brigand (D:5)
  A scorpion (D:5)
  3 hounds
  4 orc priests
  A jelly (D:5)
  Jessica (D:2)
  An iguana (D:4)
  6 adders
  A worm (D:5)
  5 dart slugs
  12 orcs
  8 ball pythons
  8 bats
  7 endoplasms
  3 giant cockroaches
  13 goblins
  7 hobgoblins
  7 jackals
  5 quokkas
  3 frilled lizards
  5 kobolds
  3 rats
107 creatures vanquished.

Notes
Turn   | Place    | Note
-------+----------+-------------------------------------------
     0 | D:1      | jimonade the Vine Stalker Brigand began the quest for the
                  | Orb.
     0 | D:1      | Reached XP level 1. HP: 11/11 MP: 2/2
    57 | D:1      | Reached skill level 5 in Stealth
   118 | D:1      | Reached XP level 2. HP: 10/15 MP: 3/3
   292 | D:1      | Reached skill level 1 in Dodging
   297 | D:1      | Reached XP level 3. HP: 10/18 MP: 4/4
   818 | D:2      | Gained mutation: Your natural rate of healing is unusually
                  | fast. [Vine Stalker growth]
   818 | D:2      | Reached XP level 4. HP: 23/23 MP: 5/5
   932 | D:2      | Noticed Jessica
   938 | D:2      | Killed Jessica
  1228 | D:2      | Identified a scroll of acquirement
  1228 | D:2      | Acquired a +3 quick blade of venom
  1370 | D:3      | Reached skill level 1 in Armour
  1370 | D:3      | Reached skill level 6 in Stealth
  1370 | D:3      | Reached XP level 5. HP: 16/26 MP: 4/6
  2311 | D:4      | Reached XP level 6. HP: 30/30 MP: 7/7
  2467 | D:4      | You fall into a shaft and drop 1 floor!
  2467 | D:5      | Entered Level 5 of the Dungeon
  2714 | D:4      | Reached skill level 7 in Stealth
  2714 | D:4      | Reached XP level 7. HP: 35/35 MP: 8/8
  2741 | D:4      | Found a bloodstained altar of Trog.
  3255 | D:5      | Found the +7 Throatcutter {drain, coup de grace}
  3272 | D:5      | Reached skill level 5 in Short Blades
  3272 | D:5      | Reached skill level 8 in Stealth
  3277 | D:5      | Slain by a kobold brigand

Illustrated notes

Levels and vault maps discovered:
D:1:      nzn_arrival_crosshair, layout_rooms, minmay_ruptured
D:2:      layout_loops_cross, uniq_jessica
D:3:      layout_loops_ring
D:4:      kennysheep_the_goblin_king, layout_loops_ring, kennysheep_little_box
D:5:      layout_rooms, kennysheep_mini, dilly_guarded_unrand_throatcut

Skill      XL: |  1  2  3  4  5  6  7 |
---------------+----------------------+-----
Stealth        | 5 6 7 8 |  8.0
Short Blades   | 2 3 4 5 |  5.1
Dodging        | 1 |  1.9
Fighting       | 2 |  2.7
Armour         | 1 |  1.7
Throwing       | |  1.9
Shields        | |  0.5

Action                     |  1- 3 |  4- 6 |  7- 9 || total
---------------------------+-------+-------+-------++-------
  Melee: Dagger            |    81 |    27 |       ||   108
         Bite              |    18 |    26 |    27 ||    71
         Quick blade       |       |   103 |    72 ||   175
    Use: Scroll            |       |    10 |     1 ||    11
   Stab: Sleeping          |     8 |    19 |     4 ||    31
 Armour: Robe              |    19 |       |       ||    19
         Leather armour    |     2 |    20 |     9 ||    31
  Dodge: Dodged            |    57 |    25 |    23 ||   105
  Block: Buckler           |     2 |    10 |     7 ||    19

Table legend: (Time is in decaauts)
 A = Elapsed time spent in this place.
 B = Non-inter-level travel time spent in this place.
 C = Inter-level travel time spent in this place.
 D = Time resting spent in this place.
 E = Time spent auto-exploring this place.
 F = Levels seen in this place.
 G = Mean time per level.
                   A        B        C        D        E       F      G
               +--------+--------+--------+--------+--------+-----+--------+
         Total |   3187 |   2962 |    225 |     25 |   2208 |   5 |  637.4 |
       Dungeon |   3187 |   2962 |    225 |     25 |   2208 |   5 |  637.4 |
               +--------+--------+--------+--------+--------+-----+--------+

Top non-repeatable levels by time:
     D:3: 836 daAuts
     D:4: 773 daAuts
     D:2: 618 daAuts
     D:1: 616 daAuts
     D:5: 342 daAuts
